 Dungeon Crawl Stone Soup version 0.20.1-1-g8b1a95d66d (webtiles) character file.

3 NullDivider the Charlatan (level 1, 0/13 HPs)
             Began as an Octopode Artificer on Dec 1, 2017.
             Slain by a kobold
             ... wielding a +0 whip
              (6 damage)
             ... on level 1 of the Dungeon.
             The game lasted 00:00:46 (190 turns).

NullDivider the Charlatan (Octopode Artificer)       Turns: 190, Time: 00:00:47

Health: 0/13       AC:  1    Str: 11    XL:     1   Next: 50%
Magic:  3/3        EV: 13    Int: 13    God:
Gold:   14         SH:  0    Dex: 12    Spells: 0/0 levels left

rFire    . . .     SeeInvis .   a - +0 short sword
rCold    . . .     Gourm    .   (no shield)
rNeg     . . .     Faith    .   (helmet restricted)
rPois    .         Spirit   .   (no amulet)
rElec    .         Reflect  .   (no ring)
rCorr    .         Harm     .   (no ring)
MR       .....                  (no ring)
Stlth    +++.......             (no ring)
Regen    0.1/turn               (no ring)
MPRegen  0.1/turn               (no ring)
                                (no ring)
                                (no ring)

@: no status effects
A: almost no armour, stealthy swim, amphibious, 8 rings, constrict 8, camouflage
1, gelatinous body 1
a: no special abilities


You were on level 1 of the Dungeon.
You were not hungry.

You visited 1 branch of the dungeon, and saw 1 of its levels.

You collected 14 gold pieces.

Inventory:

Hand Weapons
 a - a +0 short sword (weapon)
Jewellery
 e - a cursed -3 ring of intelligence {unknown}
 h - an uncursed ring of stealth {unknown}
Wands
 b - a wand of flame (15/48)
 c - a wand of enslavement (15/24)
 d - a wand of random effects (15/48)
Scrolls
 i - a scroll of amnesia {unknown}
Potions
 g - a potion of curing {unknown}
Comestibles
 f - a bread ration
 j - 2 chunks of flesh


   Skills:
 + Level 1.2 Fighting
 + Level 1.2 Short Blades
 + Level 2.0 Dodging
 * Level 1.3 Stealth
 + Level 3.2 Evocations


You couldn't memorise any spells.
You didn't know any spells.

Dungeon Overview and Level Annotations

Branches:
Dungeon (1/15)

Altars:


Innate Abilities, Weirdness & Mutations

You cannot wear most types of armour.
You are very stealthy in the water. (Stealth+)
You are amphibious.
You can wear up to eight rings at the same time.
You can use your tentacles to constrict eight enemies at once.
Your skin changes colour to match your surroundings (Stealth+).
Your rubbery body absorbs attacks. (AC +1, EV +1)


Message History

The ball python hisses angrily.
Found three items.
You see here a scroll labeled XAXEZEMEOT.
The kobold shouts!
You see here a fuming orange potion.
The ball python closely misses you. The ball python grabs you.
The ball python constricts you.
You hit the ball python but do no damage.
Your grab misses the ball python. The ball python barely misses you.
The ball python constricts you.
You barely miss the ball python. Your grab misses the ball python.
The ball python bites you but does no damage.
The ball python constricts you.
You hit the ball python.
You kill the ball python!
The kobold hits you with a whip.
You miss the kobold. You grab the kobold.
You squeeze the kobold, but do no damage.
You constrict the kobold. The kobold hits you with a whip.
You die...

....... .?....%.#
........# ........#
........# ........#
........##########
........K@!.......
.......?#########.
................# #
..........#..##.#.#
#########.........##
..[................
....#####...##.# #
#...##.# #...##.#


You could see a kobold.

Vanquished Creatures
  A dart slug (D:1)
  A ball python (D:1)
2 creatures vanquished.

Notes
Turn   | Place    | Note
-------+----------+-------------------------------------------
     0 | D:1      | NullDivider the Octopode Artificer began the quest for the Orb.
     0 | D:1      | Reached XP level 1. HP: 13/13 MP: 3/3
     2 | D:1      | Noticed a large abomination
     2 | D:1      | Noticed an ice dragon
     4 | D:1      | Noticed a large abomination
     4 | D:1      | Noticed an ice dragon
     6 | D:1      | Noticed an iron dragon
     7 | D:1      | Noticed a shadow dragon
    11 | D:1      | Noticed a tentacled monstrosity
    11 | D:1      | Noticed an orb of fire
    13 | D:1      | Noticed an orb of fire
    15 | D:1      | Noticed a yellow draconian
    15 | D:1      | Noticed an orb of fire
    15 | D:1      | Noticed a shadow dragon
    17 | D:1      | Noticed a shadow dragon
    17 | D:1      | Noticed a green draconian
    17 | D:1      | Noticed a shadow dragon
    19 | D:1      | Noticed an orb of fire
    19 | D:1      | Noticed a shadow dragon
    21 | D:1      | Noticed an iron dragon
   190 | D:1      | Slain by a kobold

Action                   || total
-------------------------++-------
Melee: Short sword       ||     6
       Constrict         ||     2
       Tentacles         ||     2
Armor: Skin              ||     1
Dodge: Dodged            ||     3
